[Event "Titled Tuesday Blitz April 19 Late 2022"]
[White "Sanal, Vahap"]
[Black "Dubov, Daniil"]
[WhiteFideId "6300545"]
[BlackFideId "24126055"]
[WhiteElo "2603"]
[BlackElo "2791"]
[Result "0-1"]
[Round "06"]
[TimeControl "180+1"]
[Date "2022.04.19"]
[WhiteClock "0:00:01"]
[BlackClock "0:00:14"]

1. Nf3 d5 2. g3 Nd7 3. d4 Nb6 4. Bg2 Bf5 5. O-O e6 6. a4 a5 7. b3 Be7 8. Na3 Nf6 9. Bg5 O-O 10. c4 h6 11. Bxf6 Bxf6 12. e3 c6 13. Nd2 Be7 14. c5 Nd7 15. Nc2 b6 16. b4 axb4 17. Nxb4 Rc8 18. e4 Bh7 19. exd5 exd5 20. Nb3 bxc5 21. dxc5 Bxc5 22. Nxc5 Nxc5 23. a5 Qd6 24. a6 Ra8 25. a7 Be4 26. f3 Bf5 27. Rf2 Ne6 28. Qa4 Rxa7 29. Qxa7 Qxb4 30. Qa3 Qb6 31. Qa5 Qd4 32. Qa4 Qf6 33. Rd1 Rc8 34. g4 Bh7 35. f4 Nc5 36. Qb4 Nd3 37. Qb7 Rf8 38. Rff1 Nxf4 39. Qb6 g5 40. Kh1 Qe6 41. Bf3 Be4 42. Qe3 Re8 43. Kg1 Qc8 44. Bxe4 Qxg4+ 45. Kh1 Rxe4 46. Qg3 Qe6 47. Rde1 Re2 48. Rxe2 Qxe2 49. Qf3 Qe5 0-1


[Site "https://www.chess.com"]

[Event "Titled Tuesday Blitz April 19 Late 2022"]
[White "Sanchez Alvares, Kelvin Antonio"]
[Black "Foisor, Sabina-Francesca"]
[WhiteFideId "3906680"]
[BlackFideId "1212915"]
[WhiteElo "2193"]
[BlackElo "2243"]
[Result "0-1"]
[Round "06"]
[TimeControl "180+1"]
[Date "2022.04.19"]
[WhiteClock "0:00:01"]
[BlackClock "0:00:13"]

1. e4 c6 2. d4 g6 3. h4 d5 4. e5 h5 5. Nc3 Bh6 6. Nge2 Bxc1 7. Qxc1 Nh6 8. Qd2 Na6 9. O-O-O Bf5 10. f3 Qb6 11. Nf4 O-O-O 12. Bxa6 Qxa6 13. Qe2 Qxe2 14. Nfxe2 b6 15. Nf4 Kb7 16. a4 a5 17. Rd2 Rhe8 18. Nd1 Bd7 19. Nf2 e6 20. b3 c5 21. c3 Rc8 22. Kb2 Rc7 23. g4 hxg4 24. fxg4 Rec8 25. h5 g5 26. N4h3 Rg8 27. Rf1 b5 28. axb5 Bxb5 29. Ra1 Kb6 30. dxc5+ Rxc5 31. Ng1 Rgc8 32. Rc1 a4 33. b4 Rc4 34. Nf3 Nxg4 35. Nxg5 Nxe5 36. Re2 Rxb4+ 37. cxb4 Rxc1 38. Rxe5 Rf1 39. Ngh3 Kc6 40. h6 Kd6 41. h7 Kxe5 42. h8=Q+ Kd6 43. Qh4 Re1 0-1


[Site "https://www.chess.com"]

[Event "Titled Tuesday Blitz April 19 Late 2022"]
[White "Schekachikhin, Maksim"]
[Black "Ansh M Shah"]
[WhiteFideId "24177830"]
[BlackFideId "25033379"]
[WhiteElo "2230"]
[BlackElo "1819"]
[Result "1-0"]
[Round "06"]
[TimeControl "180+1"]
[Date "2022.04.19"]
[WhiteClock "0:01:30"]
[BlackClock "0:00:52"]

1. d4 Nf6 2. c4 e6 3. Nc3 c5 4. d5 exd5 5. cxd5 d6 6. Nf3 g6 7. Nd2 Bg7 8. e4 O-O 9. Be2 a6 10. a4 Nbd7 11. O-O Ne5 12. Ra3 Re8 13. Re1 Qc7 14. Qc2 Bd7 15. a5 Nh5 16. Bxh5 gxh5 17. Nd1 Kh8 18. Ne3 Rg8 19. Ndc4 f6 20. Nxe5 fxe5 21. Qd1 h4 22. Qh5 h3 23. g3 Qd8 24. Nf5 Bxf5 25. Qxf5 Qc8 26. Qxc8 Raxc8 27. Rb3 Rc7 28. Rb6 Bf8 29. Bd2 Be7 30. f3 Bd8 31. Kf2 Rg6 32. Rc1 Rf6 33. Rb3 Rcf7 34. Rd3 b5 35. axb6 Bxb6 36. Ke2 Rb7 37. Ra1 c4 38. Rc3 Bd4 39. Rxc4 Rxb2 40. Rxa6 Bc5 41. Rxc5 1-0


[Site "https://www.chess.com"]

[Event "Titled Tuesday Blitz April 19 Late 2022"]
[White "Sernecki, Franciszek"]
[Black "Bilych, Olexiy"]
[WhiteFideId "1169297"]
[BlackFideId "14156504"]
[WhiteElo "2165"]
[BlackElo "2176"]
[Result "1-0"]
[Round "06"]
[TimeControl "180+1"]
[Date "2022.04.19"]
[WhiteClock "0:00:04"]
[BlackClock "0:00:36"]

1. d4 Nf6 2. c4 e6 3. Nf3 d5 4. Nc3 Bb4 5. Qb3 c5 6. dxc5 Nc6 7. Bg5 d4 8. O-O-O Bxc5 9. e3 Qa5 10. Bxf6 gxf6 11. exd4 Bd6 12. d5 Ne5 13. dxe6 Nxf3 14. exf7+ Kxf7 15. gxf3 Bf4+ 16. Kb1 Bf5+ 17. Bd3 Rad8 18. Be4 b6 19. c5+ Be6 20. Bd5 Rxd5 21. Rxd5 Rd8 22. Rhd1 Bxd5 23. Rxd5 Rxd5 24. Qxd5+ Kg7 25. Qd7+ Kh6 26. Qh3+ Kg7 27. Qg4+ Bg5 28. f4 Qxc5 29. fxg5 f5 30. Qf4 Kg6 31. h4 Qc6 32. a3 Qe6 33. Qe3 Qc6 34. Qe7 Qf3 35. Qf6+ Kh5 36. Qh6+ Kg4 37. Qxh7 Qd3+ 38. Ka1 Qf1+ 39. Ka2 Qc4+ 40. Kb1 Qf1+ 41. Kc2 Qxf2+ 42. Kb3 a5 43. g6 a4+ 44. Nxa4 Qd4 45. Nc3 b5 46. g7 Qc4+ 47. Kc2 Kh3 48. g8=Q Qf4 49. Qg1 b4 50. Qh1+ Kg3 51. Qg6+ Kf2 52. Qgg1# 1-0


[Site "https://www.chess.com"]

[Event "Titled Tuesday Blitz April 19 Late 2022"]
[White "Shimanov, Aleksandr"]
[Black "Ahmadzada, Ahmad"]
[WhiteFideId "4198603"]
[BlackFideId "13413007"]
[WhiteElo "2636"]
[BlackElo "2228"]
[Result "0-1"]
[Round "06"]
[TimeControl "180+1"]
[Date "2022.04.19"]
[WhiteClock "0:00:05"]
[BlackClock "0:00:06"]

1. d4 Nf6 2. Nc3 d5 3. Bf4 c5 4. e4 Nxe4 5. Nxe4 dxe4 6. dxc5 Qa5+ 7. c3 Qxc5 8. Qa4+ Nc6 9. Qxe4 Bf5 10. Qa4 e6 11. Nf3 Be7 12. Rd1 O-O 13. Be2 Rfd8 14. O-O Rxd1 15. Rxd1 Rd8 16. Rxd8+ Bxd8 17. Be3 Qa5 18. Qxa5 Bxa5 19. b4 Bb6 20. Bxb6 axb6 21. Nd2 Ne5 22. f4 Nd3 23. Bxd3 Bxd3 24. Kf2 Bb5 25. a3 Kf8 26. Ke3 Ke7 27. Kd4 f6 28. g3 Bc6 29. Nc4 b5 30. Na5 Kd6 31. Nxc6 bxc6 32. c4 e5+ 33. fxe5+ fxe5+ 34. Kc3 Ke6 35. Kb3 e4 36. Kc3 Ke5 37. h3 h5 38. h4 Kf5 39. cxb5 cxb5 40. Kd4 Kg4 41. a4 bxa4 42. b5 a3 43. Kc3 e3 44. b6 e2 45. Kd2 e1=Q+ 46. Kxe1 a2 47. b7 a1=Q+ 0-1


[Site "https://www.chess.com"]

[Event "Titled Tuesday Blitz April 19 Late 2022"]
[White "Siddharth, Jagadeesh"]
[Black "Martinez Reyes, Pedro Ramon"]
[WhiteFideId "5818320"]
[BlackFideId "3901807"]
[WhiteElo "2127"]
[BlackElo "2410"]
[Result "0-1"]
[Round "06"]
[TimeControl "180+1"]
[Date "2022.04.19"]
[WhiteClock "0:00:28"]
[BlackClock "0:01:47"]

1. d4 d5 2. Nc3 c6 3. Bf4 b5 4. a3 Bf5 5. e3 Nd7 6. g4 Bg6 7. h4 h5 8. g5 e6 9. Bh3 Ne7 10. Nf3 Nf5 11. Ne2 Nd6 12. Ng3 Ne4 13. Ne5 Nxe5 14. Bxe5 Bd6 15. Bxg7 Nxg3 16. fxg3 Bxg3+ 17. Ke2 Rg8 18. Bf6 Qc7 19. Bg2 c5 20. c3 c4 21. Kd2 Bd6 22. Qf3 a5 23. Rhf1 Kd7 24. Bh3 Kc6 25. Rfe1 b4 26. e4 bxc3+ 27. bxc3 Rgb8 28. exd5+ exd5 29. Qxd5+ Kxd5 30. Bg2+ Be4 31. Bxe4+ Ke6 32. Bxa8+ Kd7 33. Be4 Rb2+ 34. Kc1 Bf4+ 35. Kxb2 Qb6+ 0-1


[Site "https://www.chess.com"]

[Event "Titled Tuesday Blitz April 19 Late 2022"]
[White "Sirosh, Ilja"]
[Black "Bacrot, Etienne"]
[WhiteFideId "4500458"]
[BlackFideId "605506"]
[WhiteElo "2241"]
[BlackElo "2673"]
[Result "0-1"]
[Round "06"]
[TimeControl "180+1"]
[Date "2022.04.19"]
[WhiteClock "0:00:02"]
[BlackClock "0:00:35"]

1. e4 c5 2. Nf3 Nc6 3. Bc4 e6 4. O-O Nf6 5. e5 d5 6. Bb5 Nd7 7. Bxc6 bxc6 8. Qe2 h6 9. d3 g5 10. b3 Bg7 11. h3 f5 12. c4 g4 13. hxg4 fxg4 14. Nh2 Bxe5 15. Bb2 Bxb2 16. Qxb2 Qf6 17. Nc3 h5 18. Rae1 Bb7 19. Qc2 O-O-O 20. Na4 Kb8 21. Re2 e5 22. cxd5 cxd5 23. Nxc5 Nxc5 24. Qxc5 e4 25. dxe4 dxe4 26. Rfe1 Rd3 27. Nf1 h4 28. Rxe4 Bxe4 29. Rxe4 Rd6 30. Rxg4 Rc8 31. Qb4+ Rb6 32. Qf4+ Qxf4 33. Rxf4 Rc1 34. Rxh4 Rd6 35. Rc4 Ra1 36. g4 Rdd1 37. Kg2 Rxf1 38. a4 Rg1+ 39. Kf3 Ra3 40. Rb4+ Kc7 41. Kf4 Rb1 42. Kg5 Raxb3 43. Rc4+ Kd6 44. f4 Rb8 45. f5 R1b4 46. Rxb4 Rxb4 47. Kh5 Ke5 0-1


[Site "https://www.chess.com"]

[Event "Titled Tuesday Blitz April 19 Late 2022"]
[White "Sowa, Ryan"]
[Black "Kollars, Dmitrij"]
[WhiteFideId "30901693"]
[BlackFideId "12909572"]
[WhiteElo "2626"]
[BlackElo "2584"]
[Result "1/2-1/2"]
[Round "06"]
[TimeControl "180+1"]
[Date "2022.04.19"]
[WhiteClock "0:00:07"]
[BlackClock "0:00:04"]

1. Nf3 Nf6 2. c4 g6 3. Nc3 Bg7 4. e4 O-O 5. d4 d6 6. Be2 e5 7. O-O exd4 8. Nxd4 Re8 9. f3 c6 10. Bf4 d5 11. cxd5 Nxd5 12. Nxd5 cxd5 13. Nb5 Be5 14. Qd2 Nc6 15. Rad1 Bxf4 16. Qxf4 Qb6+ 17. Kh1 dxe4 18. Nc7 Be6 19. Nxa8 Rxa8 20. fxe4 Qxb2 21. Rd2 Qc3 22. Rd3 Qb2 23. Qd2 Qe5 24. Qc3 Bxa2 25. Qxe5 Nxe5 26. Ra3 Be6 27. Rb1 b6 28. Rxb6 Bc4 29. Rb2 a5 30. h3 Be6 31. Rb5 Nc6 32. Rc5 Nd4 33. Bc4 Re8 34. Bxe6 Rxe6 35. Raxa5 Rxe4 36. Re5 Rf4 37. Ra1 Nf5 38. Ree1 h5 39. Ra3 h4 40. Rf3 Rb4 41. Rxf5 gxf5 42. Re5 Rf4 43. Kg1 Kg7 44. Re3 Ra4 45. Rb3 Kg6 46. Rc3 Kg5 47. Rb3 Re4 48. Rc3 Kf4 49. Rf3+ Kg5 50. Ra3 f6 51. Rf3 Re5 52. Ra3 f4 53. Rb3 Re3 54. Rb5+ f5 55. Rb8 Re6 56. Rb3 Rd6 57. Kf2 Rd2+ 58. Kf3 Rc2 59. Ra3 Rb2 60. Rc3 Rb1 61. Kf2 Rd1 62. Rb3 Rd4 63. Rc3 Re4 64. Rb3 Kf6 65. Rc3 Rb4 66. Rd3 Ke5 67. Rd2 Rd4 68. Re2+ Re4 69. Ra2 Rb4 70. Rc2 Kd5 71. Re2 Re4 72. Ra2 Rc4 73. Rd2+ Ke5 74. Re2+ Kf6 75. Ra2 Rc3 76. Re2 Rd3 77. Ra2 Ke5 78. Re2+ Kd4 79. Ra2 Ke4 80. Ra4+ Rd4 81. Ra2 f3 82. gxf3+ Kf4 83. Rb2 Ra4 84. Rc2 Rb4 85. Ra2 Rc4 86. Rb2 Kg5 87. Ra2 Rc3 88. Kg2 Kf4 89. Kf2 Rxf3+ 90. Kg2 Rg3+ 91. Kh2 Re3 92. Ra4+ Re4 93. Ra5 Re2+ 94. Kg1 Rd2 95. Rb5 Re2 96. Ra5 Kg3 97. Kf1 Rf2+ 98. Ke1 Rf3 99. Ke2 Rf4 100. Ra3+ Kg2 101. Rb3 Rf2+ 102. Ke1 Rf3 103. Rb4 Kxh3 104. Ke2 Ra3 105. Rf4 Ra2+ 106. Kf3 Ra3+ 107. Kf2 Ra5 108. Kf3 Rb5 109. Kf2 Rb2+ 110. Kf3 Rb1 111. Kf2 Rb5 112. Kf3 Rd5 113. Kf2 Re5 114. Kf3 Rd5 115. Kf2 Rd2+ 116. Kf3 Rd1 117. Kf2 Rd2+ 118. Kf3 Rd5 1/2-1/2


[Site "https://www.chess.com"]

[Event "Titled Tuesday Blitz April 19 Late 2022"]
[White "Spata, German"]
[Black "Rustemov, Alexander"]
[WhiteFideId "113026"]
[BlackFideId "4119002"]
[WhiteElo "2238"]
[BlackElo "2724"]
[Result "1-0"]
[Round "06"]
[TimeControl "180+1"]
[Date "2022.04.19"]
[WhiteClock "0:00:06"]
[BlackClock "0:00:02"]

1. d3 d5 2. g3 e5 3. Bg2 Nf6 4. e3 c5 5. Ne2 Nc6 6. O-O Be7 7. Nd2 Be6 8. e4 O-O 9. h3 Qd7 10. Kh2 Rad8 11. Nc3 dxe4 12. Ndxe4 Nd4 13. Ng5 Bf5 14. Re1 Bd6 15. Nge4 Nxe4 16. Nxe4 Be7 17. c3 Ne6 18. Be3 Qxd3 19. Qa4 Qa6 20. Qxa6 bxa6 21. Rad1 a5 22. Nd2 Bc2 23. Rc1 Bd3 24. Bf1 f5 25. Bxd3 Rxd3 26. Nc4 e4 27. Nxa5 g5 28. Rcd1 Rfd8 29. Rxd3 Rxd3 30. Nc4 Bf6 31. Kg1 Kf7 32. Kf1 Kg6 33. Bc1 Rd7 34. Ke2 h5 35. Rd1 Rxd1 36. Kxd1 Bd8 37. Ne5+ Kf6 38. Nc6 Bb6 39. a4 a6 40. a5 Bc7 41. Ke2 f4 42. gxf4 gxf4 43. b4 c4 44. b5 axb5 45. a6 Bb6 46. a7 Nc7 47. Bxf4 Na8 48. Be3 Bc7 49. Nd4 Be5 50. Nxb5 Ke6 51. Bd4 Bf4 52. Na3 Kd5 53. Nb5 Bh2 54. Na3 Bd6 55. Nc2 Bh2 56. Ne3+ Kc6 57. Nxc4 Kb5 58. Ne3 Kc6 59. Nf5 Bf4 60. Ng7 h4 61. Ne6 Bg5 62. Nc5 Be7 63. Nxe4 Nc7 64. Kf3 Kb7 65. Kg4 Nb5 66. Ng5 Nxa7 67. Bxa7 Kxa7 68. Nf3 Kb6 69. Nxh4 Kc5 70. Nf5 Bf8 71. Ne3 Kd6 72. c4 Ke5 73. Kf3 Kd4 74. h4 Ke5 75. h5 Kf6 76. Kg4 Ke5 77. Nf5 Kf6 78. h6 Kg6 79. f4 Bc5 80. Kf3 Kxf5 81. h7 Bd4 82. c5 Ke6 83. Ke4 Bh8 84. f5+ Kd7 85. Kd5 Kc7 86. Ke6 Kd8 87. f6 Kc7 88. f7 Bg7 89. f8=Q Bxf8 90. h8=Q Bxc5 91. Qe5+ Kb6 92. Qd5 Bb4 93. Kd7 Bc3 94. Qb3+ Kc5 95. Qxc3+ Kd5 96. Qc6+ 1-0


[Site "https://www.chess.com"]

[Event "Titled Tuesday Blitz April 19 Late 2022"]
[White "Stanisz, Patryk"]
[Black "Jimenez Fernandez, Rebeca"]
[WhiteFideId "1123106"]
[BlackFideId "32070934"]
[WhiteElo "1833"]
[BlackElo "1853"]
[Result "1-0"]
[Round "06"]
[TimeControl "180+1"]
[Date "2022.04.19"]
[WhiteClock "0:00:04"]
[BlackClock "0:00:01"]

1. Nf3 d5 2. c4 c6 3. e3 Nf6 4. b3 g6 5. Bb2 Bg7 6. Be2 O-O 7. O-O Nbd7 8. d3 Re8 9. Nbd2 e5 10. cxd5 cxd5 11. d4 e4 12. Ne5 Nxe5 13. dxe5 Nd7 14. f4 exf3 15. Nxf3 Nxe5 16. Bd4 Ng4 17. Bb5 Nxe3 18. Qe2 Nxf1 19. Bxe8 Bxd4+ 20. Nxd4 Qf6 21. Nc2 Nxh2 22. Kxh2 Bf5 23. Rc1 Qh4+ 24. Kg1 Be4 25. Bb5 Qf4 26. Rf1 Qg5 27. Qf2 f5 28. Be2 Bxc2 29. Qd4 Be4 30. Bf3 Bxf3 31. Rxf3 Rd8 32. Qxa7 Qe7 33. Qd4 Qe1+ 34. Kh2 Qe4 35. Qf6 Re8 36. Rc3 Qe5+ 37. Qxe5 Rxe5 38. Rc8+ Kf7 39. Rd8 Re7 40. Rxd5 f4 41. Kg1 Kf6 42. Kf2 g5 43. a4 Rc7 44. b4 g4 45. Rb5 Rc2+ 46. Kf1 f3 47. gxf3 gxf3 48. Rxb7 h5 49. a5 Kf5 50. a6 Kf4 51. a7 Ke3 52. Re7+ Kf4 53. a8=Q Rc1+ 54. Kf2 Rc2+ 55. Ke1 f2+ 56. Kd1 f1=Q+ 57. Kxc2 Qf2+ 58. Kc3 Qg3+ 59. Kc4 1-0


[Site "https://www.chess.com"]

[Event "Titled Tuesday Blitz April 19 Late 2022"]
[White "Suleymanli, Aydin"]
[Black "Esipenko, Andrey"]
[WhiteFideId "13413937"]
[BlackFideId "24175439"]
[WhiteElo "2481"]
[BlackElo "2617"]
[Result "0-1"]
[Round "06"]
[TimeControl "180+1"]
[Date "2022.04.19"]
[WhiteClock "0:00:02"]
[BlackClock "0:00:03"]

1. e4 e5 2. Nf3 Nc6 3. Bb5 Nf6 4. O-O Nxe4 5. d4 exd4 6. Re1 f5 7. Nxd4 Nxd4 8. Qxd4 c6 9. Bd3 Kf7 10. Bxe4 fxe4 11. Nc3 d5 12. Nxe4 Be7 13. Ng3 Bf6 14. Qd1 Rf8 15. Nh5 Kg8 16. Nxf6+ Qxf6 17. Be3 Qg6 18. Kh1 Bf5 19. c3 Bc2 20. Qe2 Bd3 21. Qd1 b6 22. f3 c5 23. Qd2 Rad8 24. Bf4 d4 25. Be5 Rd7 26. cxd4 cxd4 27. Rac1 Bf5 28. Rc4 d3 29. Bc3 h6 30. g4 Be6 31. Rc6 Re8 32. Qe3 Rde7 33. Bb4 Bd5 34. Rxg6 Rxe3 35. Rxe3 Rxe3 36. Bc3 Rxf3 37. Kg1 Kf8 38. Bxg7+ Kf7 39. Rd6 Be6 40. Bc3 Bxg4 41. Rxh6 Bh3 42. Rh7+ Kg6 43. Rg7+ Kh6 44. Kh1 d2 45. Rg1 Rxc3 46. bxc3 Bg4 0-1


[Site "https://www.chess.com"]

[Event "Titled Tuesday Blitz April 19 Late 2022"]
[White "Svane, Rasmus"]
[Black "Mekhitarian, Krikor Sevag"]
[WhiteFideId "4657101"]
[BlackFideId "2107660"]
[WhiteElo "2645"]
[BlackElo "2598"]
[Result "1-0"]
[Round "06"]
[TimeControl "180+1"]
[Date "2022.04.19"]
[WhiteClock "0:01:33"]
[BlackClock "0:00:09"]

1. Nf3 c5 2. c4 Nc6 3. Nc3 g6 4. e3 Nf6 5. d4 cxd4 6. exd4 d5 7. cxd5 Nxd5 8. Qb3 Nxc3 9. Bc4 e6 10. bxc3 Bd7 11. Bd3 Bg7 12. Ba3 Na5 13. Qc2 Bf8 14. Bxf8 Kxf8 15. h4 h6 16. O-O Rc8 17. h5 g5 18. Ne5 Nc6 19. Qe2 Nxe5 20. Qxe5 f6 21. Qe1 Qe7 22. f4 Kg7 23. Rf2 Be8 24. f5 Bxh5 25. fxe6 Bg4 26. Qe4 f5 27. Qe5+ Qf6 28. Qd5 Rxc3 29. Bxf5 Bxf5 30. Rxf5 1-0


[Site "https://www.chess.com"]

[Event "Titled Tuesday Blitz April 19 Late 2022"]
[White "Szpar, Milosz"]
[Black "Sjugirov, Sanan"]
[WhiteFideId "1184989"]
[BlackFideId "4189302"]
[WhiteElo "2447"]
[BlackElo "2602"]
[Result "0-1"]
[Round "06"]
[TimeControl "180+1"]
[Date "2022.04.19"]
[WhiteClock "0:00:03"]
[BlackClock "0:00:03"]

1. e4 c6 2. Nf3 d5 3. d3 Nd7 4. Nc3 Ngf6 5. e5 d4 6. exf6 dxc3 7. bxc3 exf6 8. g3 Bd6 9. Bg2 O-O 10. O-O Nb6 11. c4 Na4 12. Bd2 Be6 13. Rb1 Qd7 14. Re1 Bg4 15. Qc1 Rfe8 16. Be3 Bc5 17. d4 Bf8 18. c5 Nc3 19. Rb3 Nd5 20. c4 Nxe3 21. fxe3 b6 22. cxb6 axb6 23. Qb2 b5 24. cxb5 cxb5 25. Rxb5 Rxa2 26. Qxa2 Qxb5 27. Qe2 Qb3 28. h3 Bf5 29. Nd2 Qc3 30. Nf1 Bb4 31. Rd1 g6 32. Qf2 Kg7 33. Qf4 Bc2 34. Rc1 Ba3 35. Rxc2 Qxc2 36. d5 Bc5 37. Kh2 Qd3 38. e4 Qd4 39. h4 h5 40. Kh3 Ra8 41. Nh2 Qb4 42. e5 Qxf4 43. gxf4 fxe5 44. fxe5 Ra3+ 45. Nf3 f6 46. exf6+ Kxf6 47. Kg3 Bd6+ 48. Kf2 Bf4 49. Bh3 Ra2+ 50. Kf1 Ra5 51. Be6 Ra1+ 52. Kf2 Ra2+ 53. Kf1 Be3 54. Ke1 Bf2+ 55. Kf1 Bg3 56. Kg1 Rb2 57. Bg8 Ke7 58. Be6 Rb4 59. Kg2 Bxh4 60. Kh3 Bf6 61. Nd2 g5 62. Kg2 g4 63. Nf1 Be5 64. Ne3 Rb2+ 65. Kg1 Kf6 66. Nf5 Bf4 67. Kf1 Bc7 68. Nd4 Be5 69. Nf5 g3 70. Nh4 Bd4 71. Nf3 Rf2+ 0-1


[Site "https://www.chess.com"]

[Event "Titled Tuesday Blitz April 19 Late 2022"]
[White "Timofeev, Artyom"]
[Black "Potapova, Margarita"]
[WhiteFideId "4140419"]
[BlackFideId "14126869"]
[WhiteElo "2594"]
[BlackElo "2216"]
[Result "1-0"]
[Round "06"]
[TimeControl "180+1"]
[Date "2022.04.19"]
[WhiteClock "0:00:08"]
[BlackClock "0:00:01"]

1. e4 c5 2. Nf3 d6 3. g3 Nc6 4. Bg2 g6 5. O-O Bg7 6. c3 e5 7. Na3 Nge7 8. Nc4 O-O 9. d3 b6 10. Bd2 Bb7 11. Qc1 d5 12. exd5 Nxd5 13. Bh6 Re8 14. Bxg7 Kxg7 15. Re1 f6 16. h4 Nde7 17. d4 e4 18. Nfd2 f5 19. dxc5 bxc5 20. Nf1 Ba6 21. Rd1 Qc7 22. Nd6 Red8 23. Qf4 Rd7 24. g4 Bd3 25. Nxf5+ gxf5 26. Qg5+ Ng6 27. gxf5 Rd5 28. f6+ Kh8 29. Qxd5 Nf4 30. Qxc5 Ne2+ 31. Kh1 Rg8 32. Rxd3 exd3 33. Qxc6 Qf4 34. Qe4 Qxf6 35. Rd1 Nf4 36. Nh2 Rxg2 37. Rxd3 Rg8 38. Rf3 Qg7 39. Rg3 Qf6 40. Rxg8+ Kxg8 41. Nf3 Qf7 42. Qe5 Ng6 43. Qe4 Qf6 44. Kh2 Nf4 45. Qe5 Qf7 46. Qg5+ Kf8 47. Qg3 Ng6 48. h5 Nf4 49. h6 Qh5+ 50. Nh4 Ng6 51. Qf3+ 1-0


[Site "https://www.chess.com"]

[Event "Titled Tuesday Blitz April 19 Late 2022"]
[White "Urbina Perez, Juan Antonio"]
[Black "Kavyev, Ruslan"]
[WhiteFideId "2217368"]
[BlackFideId "34110981"]
[WhiteElo "2192"]
[BlackElo "2182"]
[Result "1/2-1/2"]
[Round "06"]
[TimeControl "180+1"]
[Date "2022.04.19"]
[WhiteClock "0:00:34"]
[BlackClock "0:00:42"]

1. e4 c5 2. Nf3 d6 3. Bb5+ Nd7 4. d4 cxd4 5. Qxd4 a6 6. Bxd7+ Bxd7 7. Nc3 e5 8. Qd3 h6 9. Nd2 Rc8 10. Nc4 Be6 11. Ne3 Nf6 12. O-O Be7 13. Rd1 O-O 14. a4 Qa5 15. Bd2 Qb6 16. b3 Qd4 17. Ned5 Bxd5 18. Nxd5 Nxd5 19. exd5 Qxd3 20. cxd3 Rc5 21. Rac1 Rfc8 22. Be3 Rc3 23. Bd2 Rc2 24. Be3 Bg5 25. Rxc2 Rxc2 26. Bxg5 hxg5 27. g3 Rc3 28. d4 exd4 29. Rxd4 Rxb3 30. Rc4 g6 31. Rc8+ Kg7 32. Rd8 Rb4 33. Rxd6 Rxa4 34. Rb6 Rd4 35. Rxb7 Rxd5 36. Ra7 Ra5 37. Kg2 g4 38. h3 gxh3+ 39. Kxh3 Ra2 40. f4 a5 41. Kg4 a4 42. f5 a3 43. Kg5 gxf5 44. Kxf5 Ra1 45. Kg5 a2 46. g4 Kf8 47. Ra3 f5 48. Kf6 Re1 49. Rxa2 fxg4 50. Kg5 g3 51. Rg2 Re3 52. Kg4 1/2-1/2


[Site "https://www.chess.com"]

[Event "Titled Tuesday Blitz April 19 Late 2022"]
[White "Veiga, Emerson de Sousa"]
[Black "Aigner, Michael"]
[WhiteFideId "2151898"]
[BlackFideId "2017288"]
[WhiteElo "2034"]
[BlackElo "2404"]
[Result "0-1"]
[Round "06"]
[TimeControl "180+1"]
[Date "2022.04.19"]
[WhiteClock "0:00:01"]
[BlackClock "0:00:20"]

1. e4 c5 2. Nf3 Nc6 3. d4 cxd4 4. Nxd4 g6 5. c4 Bg7 6. Be3 Nf6 7. Nc3 Ng4 8. Qxg4 Nxd4 9. Qd1 Ne6 10. Be2 Bxc3+ 11. bxc3 b6 12. O-O Bb7 13. Qd3 Qc7 14. f4 Nc5 15. Qd4 f6 16. e5 Ne6 17. Qd2 f5 18. a4 O-O 19. Bd4 Rab8 20. h4 Qc6 21. Rf2 h5 22. Qe3 Kf7 23. a5 bxa5 24. Bxa7 Ra8 25. Bf3 Qc7 26. Bb6 Qc8 27. Bd5 a4 28. Rfa2 Bc6 29. Kh2 Qb7 30. Rd2 Rfc8 31. Qf2 Ra6 32. Be3 Ra5 33. Qf3 Kg7 34. Bxc6 Qxc6 35. Qxc6 Rxc6 36. Rxd7 Kf7 37. Rd5 Ra8 38. c5 Ra5 39. Ra3 Nxc5 40. Rxc5 Raxc5 41. Bxc5 Rxc5 42. Rxa4 Rxc3 43. Rb4 Rc6 44. Kg3 Ke6 45. Rb8 Kd5 46. Re8 e6 47. Rg8 Rc3+ 48. Kh2 Ke4 49. g3 Kf3 50. Rxg6 Rc2+ 51. Kh3 Rc1 52. Kh2 Rc2+ 53. Kh3 Kf2 54. Rxe6 Kg1 55. g4 Rc3# 0-1


[Site "https://www.chess.com"]

[Event "Titled Tuesday Blitz April 19 Late 2022"]
[White "Vlassov, Nikolai"]
[Black "Paravyan, David"]
[WhiteFideId "4103360"]
[BlackFideId "4194985"]
[WhiteElo "2407"]
[BlackElo "2569"]
[Result "0-1"]
[Round "06"]
[TimeControl "180+1"]
[Date "2022.04.19"]
[WhiteClock "0:00:08"]
[BlackClock "0:00:44"]

1. e4 e5 2. Bc4 Nf6 3. Nc3 Nxe4 4. Qh5 Nd6 5. Bb3 Be7 6. Nf3 Nc6 7. d3 O-O 8. Ng5 h6 9. h4 Nd4 10. Nd5 Nxb3 11. axb3 c6 12. Nxe7+ Qxe7 13. Bd2 Nf5 14. O-O-O d5 15. Nf3 g6 16. Qg4 h5 17. Qa4 a5 18. Rhe1 b5 19. Qa3 Qxa3 20. bxa3 f6 21. g3 Bd7 22. Kb2 c5 23. Nh2 Rfe8 24. Nf1 d4 25. Bc1 Rab8 26. Nd2 Bc6 27. Ne4 Bxe4 28. dxe4 Ne7 29. f4 Nc6 30. f5 gxf5 31. exf5 Kf7 32. Re4 Rg8 33. Rg1 c4 34. g4 hxg4 35. Rexg4 Rxg4 36. Rxg4 c3+ 37. Kb1 Rh8 38. Re4 Ne7 0-1


[Site "https://www.chess.com"]

[Event "Titled Tuesday Blitz April 19 Late 2022"]
[White "Vujic, Mihailo"]
[Black "Reprintsev, Alexander"]
[WhiteFideId "918873"]
[BlackFideId "14100541"]
[WhiteElo "2256"]
[BlackElo "2108"]
[Result "0-1"]
[Round "06"]
[TimeControl "180+1"]
[Date "2022.04.19"]
[WhiteClock "0:00:09"]
[BlackClock "0:00:21"]

1. e4 d5 2. exd5 Qxd5 3. Nf3 Bg4 4. Be2 Nc6 5. d4 O-O-O 6. Be3 e5 7. c4 Qa5+ 8. Bd2 Qa6 9. d5 Bxf3 10. Bxf3 Nd4 11. b3 Qg6 12. O-O Nf6 13. Nc3 Bb4 14. a3 e4 15. Nxe4 Bxd2 16. Nxd2 Rhe8 17. b4 Qd3 18. c5 Nxf3+ 19. Nxf3 Qxd1 20. Rfxd1 Rxd5 21. Rxd5 Nxd5 22. Re1 Rd8 23. Ne5 f6 24. Nc4 Nc3 25. f3 Rd4 26. Ne3 Rd3 27. Nf5 Nd5 28. Nxg7 Rxa3 29. Kf2 Nxb4 30. Re7 Nd3+ 31. Kg3 Nxc5 32. Ne8 Kd8 33. Rxc7 Kxe8 34. Rxc5 Kd7 35. Rh5 b5 36. Rxh7+ Kc6 37. Rh8 Kb7 38. Rh7+ Kb6 39. Rf7 b4 40. Rxf6+ Kc5 41. Rf8 a5 42. Rb8 b3 43. h4 a4 44. h5 Ra1 45. h6 Rh1 46. Rc8+ Kd6 47. Ra8 b2 48. Rb8 b1=Q 49. Rxb1 Rxb1 50. Kf4 Rh1 51. Kg5 a3 52. f4 a2 53. Kg6 a1=Q 54. f5 Qe5 55. g4 Qf4 56. g5 Ke5 57. f6 Qf5+ 58. Kg7 Qxg5+ 59. Kf8 Qxf6+ 60. Kg8 Rg1+ 61. Kh7 Qf7+ 62. Kh8 Qg8# 0-1


[Site "https://www.chess.com"]

[Event "Titled Tuesday Blitz April 19 Late 2022"]
[White "Wagner, Dennis"]
[Black "Jessel, Stephen"]
[WhiteFideId "24650684"]
[BlackFideId "628859"]
[WhiteElo "2693"]
[BlackElo "2534"]
[Result "1-0"]
[Round "06"]
[TimeControl "180+1"]
[Date "2022.04.19"]
[WhiteClock "0:00:25"]
[BlackClock "0:00:05"]

1. d4 e6 2. g3 c5 3. Bg2 cxd4 4. Nf3 Nf6 5. O-O d5 6. b3 Be7 7. Bb2 O-O 8. Nxd4 e5 9. Nf3 e4 10. Nd4 Re8 11. Nd2 Bc5 12. c4 Bg4 13. h3 Bh5 14. g4 Bg6 15. e3 Nc6 16. Rc1 Nxd4 17. exd4 Bd6 18. Re1 Rc8 19. Nf1 Bb8 20. Qd2 h5 21. g5 Nh7 22. h4 Qd6 23. cxd5 Rxc1 24. Rxc1 Qxd5 25. Qc3 Nf8 26. Qc5 Qd7 27. d5 Qg4 28. d6 Ne6 29. d7 Rf8 30. Qe7 Nf4 31. Qxf8+ Kh7 32. Qxg7# 1-0


[Site "https://www.chess.com"]

[Event "Titled Tuesday Blitz April 19 Late 2022"]
[White "Wieczorek, Oskar"]
[Black "Fernandez Siles, Luis"]
[WhiteFideId "1133950"]
[BlackFideId "2209420"]
[WhiteElo "2640"]
[BlackElo "2395"]
[Result "1-0"]
[Round "06"]
[TimeControl "180+1"]
[Date "2022.04.19"]
[WhiteClock "0:00:09"]
[BlackClock "0:00:18"]

1. e4 e5 2. Nf3 Nf6 3. Nc3 Nc6 4. a3 d6 5. d4 Bg4 6. Bb5 exd4 7. Qxd4 Bxf3 8. gxf3 Be7 9. Bxc6+ bxc6 10. Qa4 Qd7 11. Bg5 O-O 12. O-O-O h6 13. Bh4 Rab8 14. e5 Nd5 15. Nxd5 Bxh4 16. Nb4 Bg5+ 17. Kb1 Rb5 18. Qxa7 Rfb8 19. Rxd6 Qf5 20. Rxc6 Qxf3 21. Re1 Rxb4 22. axb4 Rxb4 23. Qc5 Qa3 24. Qc3 Qa5 25. e6 Bf6 26. exf7+ Kxf7 27. Rxf6+ gxf6 28. b3 Rxb3+ 29. Qxb3+ Kg7 30. Rd1 Qh5 31. Qg3+ Kf8 32. Rg1 Qb5+ 33. Qb3 Qxb3+ 34. cxb3 Kf7 35. Kc2 Ke6 36. Kd3 Kd5 37. Rg6 c5 38. Rxf6 c4+ 39. bxc4+ Ke5 40. Rxh6 Kf5 41. Rh4 Kg5 42. Rd4 Kf5 43. c5 Ke5 44. c6 1-0


[Site "https://www.chess.com"]